 Dungeon Crawl Stone Soup version 0.30-a0-140-gd1020e658a (webtiles) character file.

Game seed: 17497695301349661548

444 qw the Chopper (level 7, 0/43 HPs)
             Began as a Gargoyle Fighter on Sept 24, 2022.
             Slain by an ogre
             ... wielding a +0 giant club
              (22 damage)
             ... on level 5 of the Dungeon.
             The game lasted 00:01:03 (3003 turns).

qw the Chopper (Gargoyle Fighter)                   Turns: 3003, Time: 00:01:04

Health: 0/43       AC: 17    Str: 22    XL:     7   Next: 3%
Magic:  7/7        EV:  6    Int:  8    God:
Gold:   195        SH:  4    Dex:  9    Spells: 6/6 levels left

rFire   . . .      SeeInvis .    Y - +0 war axe
rCold   . . .      Faith    .    c - +0 buckler
rNeg    + . .      Spirit   .    m - +0 plate armour
rPois   inf        Reflect  .    (no helmet)
rElec   +          Harm     .    (no cloak)
rCorr   .          Rampage  .    (no gloves)
Will    +....                    s - +0 pair of boots
Stlth   ..........               (no amulet)
HPRegen 0.14/turn                f - ring of willpower
MPRegen 0.10/turn                (no ring)

@: no status effects
A: sickness immunity, AC +4, negative energy resistance 1, electricity
resistance, torment resistance 1, petrification resistance
a: no special abilities


You were on level 5 of the Dungeon.
You visited 1 branch of the dungeon, and saw 4 of its levels.

You collected 195 gold pieces.


Innate Abilities, Weirdness & Mutations

You are immune to sickness and miasma.
Your stone body is resilient. (AC +4)
You are immune to poison.
You resist negative energy. (rN+)
You are resistant to electric shocks. (rElec)
You are resistant to unholy torment.
You are immune to petrification.


   Skills:
 - Level 4.1 Fighting
 - Level 6.0 Axes
 - Level 1.5 Throwing
 + Level 3.2 Armour
 - Level 3.2 Shields


You had 6 spell levels left.
You didn't know any spells.
Your spell library was empty.

Inventory:

Hand Weapons
 u - a +1 flail of holy wrath
 Y - a +0 war axe (weapon)
Missiles
 i - 4 boomerangs
 q - 3 javelins (quivered)
Armour
 c - a +0 buckler (worn)
 g - the +1 leather armour of Heughiytte {rC+ rN+ rCorr Int-4}
   (You found it on level 3 of the Dungeon)

   Int:       It affects your intelligence (-4).
   rC:        It protects you from cold.
   rN:        It protects you from negative energy.
   rCorr:     It protects you from acid and corrosion.
 m - a +0 plate armour (worn)
 s - a +0 pair of boots (worn)
Jewellery
 f - a ring of willpower (left hand)
 j - a ring of ice
 k - a ring of fire
 l - a +6 ring of intelligence
Scrolls
 a - a scroll of teleportation
 e - 2 scrolls of identify
Potions
 b - 3 potions of mutation {unknown}
 d - a potion of might
 h - a potion of attraction {unknown}
 n - a potion of haste {unknown}
 o - a potion of flight {unknown}
 p - a potion of invisibility {unknown}

Dungeon Overview and Level Annotations

Branches:
Dungeon (3/15)

Altars:

Annotations:
D:3 2 transporters, qw's ghost, amateur GrFi


Message History

You slash the black bear!
The black bear is severely wounded.
You block the black bear's attack. The black bear completely misses you.
The black bear claws you but does no damage.
You barely miss the black bear.
The black bear is severely wounded.
The black bear barely misses you.
The black bear claws you but does no damage.
The black bear claws you.
You barely miss the black bear.
The black bear is severely wounded.
The black bear closely misses you. The black bear claws you. x2
You block the black bear's attack.
The black bear claws you but does no damage. x2
You closely miss the black bear.
The black bear is severely wounded.
The black bear bites you but does no damage.
The black bear claws you but does no damage. x2
You slash the black bear!
The black bear is almost dead.
The black bear bites you but does no damage.
The black bear claws you but does no damage. x2
You closely miss the black bear.
The black bear is almost dead.
You block the black bear's attack. x2; The black bear claws you.
You closely miss the black bear.
The black bear is almost dead.
The black bear goes berserk!
The black bear bites you. You block the black bear's attack.
The black bear claws you.
You slash the black bear!
You kill the black bear!
Your Axes skill increases to level 6!
You have reached level 7!
You hit the ogre but do no damage. The ogre hits you with a +0 giant club.
You hit the ogre but do no damage. The ogre barely misses you.
You barely miss the ogre.
The ogre hits you with a +0 giant club!!
Ouch! That really hurt!
You die...

+### $... .##
..... ... .....
### .(.... ...
......### ###
......O@### .#
......#...##
#.#.# .....
###..# #.#.#
....
##.####.#.# .<.
#....#.#.# ##
#########.#.#.#
#.........#.#.#
#.............#
#
#............##
#


You could see an ogre.

Vanquished Creatures
  A black bear (D:5)
  A phantom (D:5)
  A jelly (D:5)
  A hound (D:5)
  Jessica (D:3)
  Terence (D:2)
  Natasha (thrice) (D:3)
  An adder (D:3)
  A white imp (D:3)
  2 worms
  5 dart slugs
  8 orcs (D:3)
  A ball python (D:1)
  3 endoplasms
  2 giant cockroaches (D:1)
  3 goblins
  5 hobgoblins
  5 jackals
  5 kobolds
  3 quokkas
  A bat (D:1)
  2 frilled lizards (D:3)
  2 rats
58 creatures vanquished.

Vanquished Creatures (others)
  A demonic plant (D:5)
  27 plants (D:1)
28 creatures vanquished.

Grand Total: 86 creatures vanquished

Notes
Turn   | Place    | Note
-------+----------+-------------------------------------------
     0 | D:1      | qw the Gargoyle Fighter began the quest for the Orb.
     0 | D:1      | Reached XP level 1. HP: 14/14 MP: 1/1
     0 | D:1      | 0 ||| qw: Version: 0.1.0-9-gbc19398
     0 | D:1      | 0 ||| qw: Game counter: 20
     0 | D:1      | 0 ||| qw: Always use a shield: true
     0 | D:1      | 0 ||| qw: God list: Okawaru
     0 | D:1      | 0 ||| qw: Allow faded altars: false
     0 | D:1      | 0 ||| qw: Do Orc after D:15 true
     0 | D:1      | 0 ||| qw: Do second Lair branch before Depths: true
     0 | D:1      | 0 ||| qw: Lair rune preference: random
     0 | D:1      | 0 ||| qw: Plans: Normal, Zot:1-4, God:TSO, Crypt, Tomb,
                  | Pan, Slime:5, Hells, Abyss, Orb
     0 | D:1      | 0 ||| PLANNING D:1-11
    47 | D:1      | 47 ||| Stepping ~*~*~tactically~*~*~ (stealth).
    57 | D:1      | Reached skill level 2 in Axes
    89 | D:1      | 89 ||| Stepping ~*~*~tactically~*~*~ (stealth).
   120 | D:1      | 120 ||| Stepping ~*~*~tactically~*~*~ (hiding).
   125 | D:1      | Reached XP level 2. HP: 19/19 MP: 2/2
   412 | D:1      | Reached skill level 3 in Axes
   473 | D:1      | Reached XP level 3. HP: 23/23 MP: 3/3
   539 | D:1      | 539 ||| UPGRADING to ring of willpower.
   548 | D:1      | 548 ||| DROPPING +0 club.
   932 | D:1      | 932 ||| DROPPING ring of magical power.
   933 | D:1      | 933 ||| READING 2 scrolls labelled YNASEI OSHEXZA.
   936 | D:1      | 936 ||| READING scroll labelled CUROACYAXEL.
   937 | D:1      | 937 ||| READING scroll labelled URUAGIUSUI.
  1542 | D:2      | Noticed Terence
  1543 | D:2      | Found a faded altar of an unknown god.
  1558 | D:2      | Killed Terence
  1559 | D:2      | Reached skill level 1 in Throwing
  1559 | D:2      | Reached XP level 4. HP: 18/28 MP: 4/4
  1663 | D:2      | 1663 ||| DROPPING +0 whip.
  1684 | D:2      | 1684 ||| UPGRADING to +0 plate armour.
  1694 | D:2      | 1694 ||| DROPPING +0 scale mail.
  1695 | D:2      | 1695 ||| UPGRADING to +0 pair of boots.
  1700 | D:2      | 1700 ||| READING 3 scrolls labelled BEAGHUA ESAAGU.
  1701 | D:2      | 1701 ||| READING scroll labelled LEKUMI BACOSKA.
  1702 | D:2      | 1702 ||| READING 2 scrolls labelled KONTOTHECO.
  1703 | D:2      | 1703 ||| READING scroll labelled SUANEE NOEPN.
  1704 | D:2      | 1704 ||| READING scroll labelled HUIFFA HAINN.
  1705 | D:2      | 1705 ||| DRINKING 2 bubbling pink potions.
  1706 | D:2      | 1706 ||| READING 2 scrolls of identify.
  1706 | D:2      | 1706 ||| IDENTIFYING metallic blue potion
  1707 | D:2      | 1707 ||| DROPPING potion of brilliance.
  1708 | D:2      | 1708 ||| DROPPING potion of magic.
  1709 | D:2      | 1709 ||| DROPPING scroll of amnesia.
  1754 | D:3      | 1754 ||| Stepping ~*~*~tactically~*~*~ (hiding).
  1755 | D:3      | 1755 ||| Stepping ~*~*~tactically~*~*~ (hiding).
  1866 | D:3      | Identified the +1 leather armour of Heughiytte {rC+ rN+
                  | rCorr Int-4}
  1933 | D:3      | 1933 ||| Stepping ~*~*~tactically~*~*~ (stealth).
  1935 | D:3      | 1935 ||| Stepping ~*~*~tactically~*~*~ (stealth).
  2070 | D:3      | 2070 ||| Stepping ~*~*~tactically~*~*~ (stealth).
  2092 | D:3      | Noticed Natasha
  2100 | D:3      | Killed Natasha
  2101 | D:3      | Reached skill level 4 in Axes
  2101 | D:3      | Reached XP level 5. HP: 30/32 MP: 5/5
  2141 | D:3      | 2141 ||| Stepping ~*~*~tactically~*~*~ (stealth).
  2234 | D:3      | Identified the +10 great mace of the Jumping Genius {venom,
                  | rElec}
  2234 | D:3      | Noticed an ogre
  2238 | D:3      | Found a transporter.
  2238 | D:3      | Noticed qw's ghost (amateur GrFi)
  2238 | D:3      | Noticed an ogre
  2239 | D:3      | Found a transporter.
  2241 | D:3      | Noticed an ogre
  2250 | D:3      | Noticed Natasha
  2251 | D:3      | 2251 ||| Stepping ~*~*~tactically~*~*~ (stealth).
  2253 | D:3      | 2253 ||| Stepping ~*~*~tactically~*~*~ (hiding).
  2264 | D:3      | Killed Natasha
  2377 | D:3      | Noticed Natasha
  2386 | D:3      | Killed Natasha
  2605 | D:3      | Noticed Jessica
  2615 | D:3      | Killed Jessica
  2616 | D:3      | Reached skill level 5 in Axes
  2633 | D:3      | You fall into a shaft and drop 2 floors!
  2633 | D:5      | Entered Level 5 of the Dungeon
  2636 | D:5      | 2636 ||| PLANNING OSSUARY
  2643 | D:5      | Reached XP level 6. HP: 31/38 MP: 6/6
  2989 | D:5      | Noticed a black bear
  3000 | D:5      | Killed a black bear
  3001 | D:5      | Reached skill level 6 in Axes
  3001 | D:5      | Reached XP level 7. HP: 28/43 MP: 7/7
  3003 | D:5      | Slain by an ogre

Levels and vault maps discovered:
D:1:      minmay_arrival_stone_box, layout_loops_ring, serial_bayou_lagoon_a
D:2:      layout_loops_ring, dreamdust_ecumenical_altar_statues, uniq_terence
D:3:      layout_loops_ring, gammafunk_ghost_smash, uniq_jessica, uniq_natasha
D:5:      layout_basic, lemuel_crystal_altar, serial_demonic, serial_demonic_e,
          serial_demonic_e, serial_demonic_c, serial_demonic_a,
          lightli_ossuary_entry_decrepit_ruins, uniq_crazy_yiuf_cottage

Skill      XL: |  1  2  3  4  5  6 |
---------------+-------------------+-----
Axes           | 2 3 4 5 6 |  6.0
Throwing       | 1 |  1.5
Fighting       | 4 |  4.1
Armour         | |  3.2
Shields        | |  3.2

Action                   |  1- 3 |  4- 6 |  7- 9 || total
-------------------------+-------+-------+-------++-------
Melee: War axe           |    87 |   116 |     3 ||   206
Throw: Boomerang         |    21 |     7 |       ||    28
       Javelin           |     6 |    16 |       ||    22
  Use: Scroll            |     3 |     6 |       ||     9
       Potion            |       |     1 |       ||     1
Armor: Scale mail        |    51 |       |       ||    51
       Plate armour      |       |    70 |       ||    70
Dodge: Dodged            |    32 |    28 |     1 ||    61
Block: Buckler           |    11 |    17 |       ||    28

Table legend:
 A = Non-vault XP
 B = Vault XP
 C = Vault XP percentage of total XP
 D = Non-vault monster count
 E = Vault monster count
 F = Vault count percentage of total count
                 A         B        C        D         E       F
            +---------+---------+-------+---------+---------+-------
      Total |     527 |     108 |  17.0 |      55 |       3 |   5.2
            +---------+---------+-------+---------+---------+-------
        D:1 |      45 |       0 |   0.0 |      22 |       0 |   0.0
        D:2 |      16 |      36 |  69.2 |       7 |       1 |  12.5
        D:3 |     145 |      72 |  33.2 |      22 |       2 |   8.3
        D:5 |     321 |       0 |   0.0 |       4 |       0 |   0.0
            +---------+---------+-------+---------+---------+-------
